Marlies vs Condors
Created - December 6, 2023 at 19:11
Goals
|
| Marlies |
0 |
2 |
2 |
4 |
| Condors |
3 |
2 |
1 |
6 |
|
Shots
|
| Marlies |
6 |
14 |
13 |
33 |
| Condors |
14 |
9 |
19 |
42 |
|
1st period
1. Condors , Zac Leslie 5 (Pontus Holmberg 3, Ryan McLeod 4) at 3:38
2. Condors , Kiefer Sherwood 5 (Taro Hirose 8, Connor Hurley 6) at 14:56
3. Condors , Jason Robertson 9 (Phil McRae 13, Zac Leslie 16) at 18:48 (PP)
Penalties :
Aleksi Saarela (Tor) for Interference (Minor) at 17:19
2nd period
4. Condors , Nick Shore 10 (Patrik Laine 19, Adam Erne 13) at 10:30 (PP)
5. Marlies , Mathieu Olivier 7 (Martin Necas 9, Henri Ikonen 6) at 13:36
6. Marlies , Colton Sissons 10 (Mathieu Olivier 9, Tyler Benson 9) at 14:33
7. Condors , Phil McRae 7 (Jason Robertson 9, Kailer Yamamoto 9) at 18:16
Penalties :
Garret Sparks (Bak) for Delaying the game (Minor) at 0:42 - Patrik Laine served the penalty, Henri Ikonen (Tor) for Hooking (Minor) at 10:18, Martin Necas (Tor) for Interference (Minor) at 10:51
3rd period
8. Condors , Adam Erne 22 (Nick Shore 27) at 2:24
9. Marlies , Colton Sissons 11 (Martin Necas 10, Pierre-Olivier Joseph 20) at 6:50 (PP)
10. Marlies , Martin Necas 11 (Pierre-Olivier Joseph 21, Colton Sissons 14) at 15:08 (PP)
Penalties :
Adam Erne (Bak) for Tripping (Minor) at 6:34, Jason Robertson (Bak) for Hooking (Minor) at 15:04, Aleksi Saarela (Tor) for Hooking (Minor) at 19:59
Goalie Stats
Logan Thompson (Tor), 21 saves from 23 shots - (0.913), L, 3-8-1, 29:30 minutes
Maxime Lagace (Tor), 15 saves from 19 shots - (0.789), 30:30 minutes
Garret Sparks (Bak), 29 saves from 33 shots - (0.879), W, 10-6-0, 60:00 minutes
Players Stats for Marlies
Player Name G A P +/- PIM S H SB GA TA FO MP PP MP PK MP
------------------------------------------------------------------------------------
Aleksi Saarela 0 0 0 -1 4 7 1 1 0 0 15/37 22:16 1:03 0:47
Alex Formenton 0 0 0 -1 0 0 1 1 0 0 1/1 15:22 1:03 0:46
Brendan Guhle 0 0 0 0 0 1 2 1 1 1 0/0 29:00 1:22 2:20
Colton Sissons 2 1 3 -1 0 3 2 0 1 0 5/8 18:13 1:16 2:09
Henri Ikonen 0 1 1 1 2 4 1 1 0 0 0/0 10:13 0:00 0:34
Jeff Corbett 0 0 0 -1 0 0 2 0 1 2 0/0 23:48 0:57 2:20
Joel Farabee 0 0 0 -1 0 2 0 0 0 2 0/0 11:42 0:00 0:00
Keaton Thompson 0 0 0 0 0 0 1 0 0 0 0/0 11:20 0:00 0:00
Kole Sherwood 0 0 0 -1 0 2 1 0 0 0 0/1 11:42 0:00 0:00
Logan Brown 0 0 0 -1 0 1 1 0 0 0 2/8 11:42 0:00 0:00
Lucas Carlsson 0 0 0 -2 0 0 0 2 0 1 0/0 18:03 0:57 1:20
Martin Necas 1 2 3 0 2 2 0 0 0 0 0/1 21:07 1:16 0:00
Mathieu Olivier 1 1 2 0 0 2 1 0 0 0 0/0 16:48 1:03 0:49
Matthew Highmore 0 0 0 0 0 2 0 0 0 0 2/7 9:05 0:00 0:11
Pierre-Olivier Joseph 0 2 2 -1 0 0 0 1 0 0 0/0 23:15 1:22 1:20
Rasmus Dahlin 0 0 0 0 0 1 0 1 0 0 0/0 11:20 0:00 0:00
Tobias Lindberg 0 0 0 0 0 2 0 0 0 0 0/0 8:54 0:00 0:00
Tyler Benson 0 1 1 -1 0 4 2 0 1 2 2/3 22:26 1:16 2:04
Players Stats for Condors
Player Name G A P +/- PIM S H SB GA TA FO MP PP MP PK MP
------------------------------------------------------------------------------------
Adam Erne 1 1 2 1 2 7 2 1 0 0 2/5 21:51 1:44 1:13
Alexander Alexeyev 0 0 0 0 0 1 0 1 0 0 0/0 5:49 0:00 0:00
Alexandre Carrier 0 0 0 0 0 4 0 3 2 0 0/0 23:56 0:36 1:22
Brett Lernout 0 0 0 1 0 0 1 2 0 1 0/0 19:53 3:04 1:22
Cole Fonstad 0 0 0 0 0 1 0 0 0 0 0/0 8:07 0:00 0:00
Connor Hurley 0 1 1 1 0 0 1 1 1 0 3/4 12:31 0:00 0:00
Gustav Olofsson 0 0 0 1 0 0 0 0 0 0 0/0 12:06 0:00 0:57
Jason Robertson 1 1 2 0 2 5 2 0 0 0 0/0 16:29 1:56 0:28
Kailer Yamamoto 0 1 1 0 0 0 2 0 1 1 1/1 16:02 1:56 0:00
Kiefer Sherwood 1 0 1 1 0 5 1 1 1 0 0/0 12:31 0:00 0:00
Nick Shore 1 1 2 1 0 3 1 0 0 0 25/42 22:08 1:44 1:29
Nikolai Knyzhov 0 0 0 1 0 3 0 0 0 0 0/0 11:09 0:00 0:00
Patrik Laine 0 1 1 1 0 3 1 0 1 1 1/1 21:01 1:44 0:00
Phil McRae 1 1 2 0 0 2 2 1 0 0 4/8 16:30 1:56 0:28
Philippe Myers 0 0 0 0 0 2 2 2 0 0 0/0 23:09 0:36 0:57
Pontus Holmberg 0 1 1 0 0 2 2 0 0 0 0/0 8:07 0:00 0:00
Ryan McLeod 0 1 1 0 0 1 0 0 0 0 2/4 9:07 0:00 0:38
Taro Hirose 0 1 1 1 0 2 2 0 1 0 1/1 13:15 0:00 0:22
Zac Leslie 1 1 2 1 0 1 3 2 1 1 0/0 23:58 3:04 0:00
3 Stars
1 - Zac Leslie (Bak)
2 - Colton Sissons (Tor)
3 - Nick Shore (Bak)
Power Play
Marlies - 2 on 3 Attempt(s) - 66.67%
Condors - 2 on 4 Attempt(s) - 50.00%
Penalty Kill
Marlies - 2 on 4 Attempt(s) - 50.00%
- Score 0 goal in Penalty Kill
Condors - 1 on 3 Attempt(s) - 33.33%
- Score 0 goal in Penalty Kill
Team Stat
Marlies - Hits : 15 - Faceoff Wins : 27 - Blocked Shots : 8 - Penalty Minutes : 8
Condors - Hits : 22 - Faceoff Wins : 39 - Blocked Shots : 14 - Penalty Minutes : 6
Official
Referees : Kyle Rehman and Chris Schlenker
Linesman : Steve Miller and Greg Devorski
Game Notes
14:56 of 1st period - Condors goal is going for a video replay. After video review, Goal.
Logan Thompson enters game at 10:30 of 2nd period
Finance
Level 1 -- Attendance: 1888 (94.40%) -- Ticket Income $132,160
Level 2 -- Attendance: 939 (93.90%) -- Ticket Income $37,560
Total Attendance: 2827 (94.23%)
Total Ticket Income: $169,720
Other Income: $8,486
Total Income: $178,206
Marlies
5 vs 5 Forward
Center Left Wing Right Wing Time % Phy DF OF
1 Aleksi Saarela Tyler Benson Martin Necas 40 1 2 2
2 Colton Sissons Alex Formenton Mathieu Olivier 30 1 2 2
3 Logan Brown Joel Farabee Kole Sherwood 20 1 2 2
4 Matthew Highmore Henri Ikonen Tobias Lindberg 10 1 2 2
5 vs 5 Defense
Defense Defense Time % Phy DF OF
1 Brendan Guhle Pierre-Olivier Joseph 40 1 2 2
2 Jeff Corbett Lucas Carlsson 30 1 2 2
3 Keaton Thompson Rasmus Dahlin 20 1 2 2
4 Brendan Guhle Jeff Corbett 10 1 2 2
PowerPlay Forward
Center Left Wing Right Wing Time % Phy DF OF
1 Colton Sissons Tyler Benson Martin Necas 60 1 1 3
2 Aleksi Saarela Alex Formenton Mathieu Olivier 40 1 1 3
PowerPlay Defense
Defense Defense Time % Phy DF OF
1 Brendan Guhle Pierre-Olivier Joseph 60 1 1 3
2 Jeff Corbett Lucas Carlsson 40 1 1 3
Penalty Kill 4 Players Forward
Center Wing Time % Phy DF OF
1 Colton Sissons Tyler Benson 60 1 2 2
2 Aleksi Saarela Alex Formenton 40 1 2 2
Penalty Kill 4 Players Defense
Defense Defense Time % Phy DF OF
1 Brendan Guhle Jeff Corbett 60 1 2 2
2 Pierre-Olivier Joseph Lucas Carlsson 40 1 2 2
Penalty Kill - 3 Players Forward
Forward Time % Phy DF OF
1 Colton Sissons 60 1 2 2
2 Aleksi Saarela 40 1 2 2
Penalty Kill - 3 Players Defense
Defense Defense Time % Phy DF OF
1 Brendan Guhle Jeff Corbett 60 1 2 2
2 Pierre-Olivier Joseph Lucas Carlsson 40 1 2 2
4 vs 4 Forward
Center Wing Time % Phy DF OF
1 Colton Sissons Tyler Benson 60 1 2 2
2 Aleksi Saarela Alex Formenton 40 1 2 2
4 vs 4 Defense
Defense Defense Time % Phy DF OF
1 Brendan Guhle Jeff Corbett 60 1 2 2
2 Pierre-Olivier Joseph Lucas Carlsson 40 1 2 2
Last Minutes Offensive
Center Left Wing Right Wing Defense Defense
Colton Sissons Tyler Benson Mathieu Olivier Brendan Guhle Jeff Corbett
Last Minutes Defensive
Center Left Wing Right Wing Defense Defense
Colton Sissons Tyler Benson Mathieu Olivier Brendan Guhle Jeff Corbett
Goaltenders
Starting : Maxime Lagace
Backup : Logan Thompson
Extra Forwards
Normal : Mathieu Olivier, Martin Necas, Kole Sherwood - PP : Mathieu Olivier, Martin Necas - PK : Mathieu Olivier
Extra Defensemen
Normal : Lucas Carlsson, Keaton Thompson, Rasmus Dahlin - PP : Lucas Carlsson - PK : Lucas Carlsson, Keaton Thompson
Penalty Shots
Colton Sissons, Aleksi Saarela, Tyler Benson, Logan Brown, Mathieu Olivier
Custom OT Lines Forwards
Colton Sissons, Aleksi Saarela, Tyler Benson, Logan Brown, Mathieu Olivier, Martin Necas, Kole Sherwood, Alex Formenton, Matthew Highmore, Joel Farabee
Custom OT Lines Defensemen
Brendan Guhle, Jeff Corbett, Pierre-Olivier Joseph, Lucas Carlsson, Keaton Thompson
Scratches
Isac Lundestrom (Healthy), Brycen Martin (Healthy), Marc McLaughlin (Healthy), Jonathan Gruden (Healthy), Dennis Gilbert (Healthy)
Jaden Lindo (Healthy), Jakob Forsbacka-Karlsson (Healthy), Dmitri Samorukov (Healthy), Jacob Bernard-Docker (Healthy), Radovan Bondra (Healthy)
Xavier Bernard (Healthy), Mike Hardman (Healthy), Otto Koivula (Healthy), Jonathan Davidsson (Healthy), Hugh McGing (Healthy)
Jan Jenik (Healthy), Veini Vehvilainen (Healthy), Matthew Thiessen (Healthy)
Condors
5 vs 5 Forward
Center Left Wing Right Wing Time % Phy DF OF
1 Nick Shore Adam Erne Patrik Laine 40 1 2 2
2 Phil McRae Jason Robertson Kailer Yamamoto 30 1 2 2
3 Connor Hurley Taro Hirose Kiefer Sherwood 20 1 2 2
4 Ryan McLeod Cole Fonstad Pontus Holmberg 10 1 2 2
5 vs 5 Defense
Defense Defense Time % Phy DF OF
1 Philippe Myers Alexandre Carrier 40 1 2 2
2 Brett Lernout Zac Leslie 30 1 2 2
3 Nikolai Knyzhov Gustav Olofsson 20 1 2 2
4 Alexander Alexeyev Zac Leslie 10 1 2 2
PowerPlay Forward
Center Left Wing Right Wing Time % Phy DF OF
1 Nick Shore Adam Erne Patrik Laine 60 1 2 2
2 Phil McRae Jason Robertson Kailer Yamamoto 40 1 2 2
PowerPlay Defense
Defense Defense Time % Phy DF OF
1 Brett Lernout Zac Leslie 60 1 2 2
2 Philippe Myers Alexandre Carrier 40 1 2 2
Penalty Kill 4 Players Forward
Center Wing Time % Phy DF OF
1 Adam Erne Nick Shore 60 1 2 2
2 Phil McRae Jason Robertson 40 1 2 2
Penalty Kill 4 Players Defense
Defense Defense Time % Phy DF OF
1 Brett Lernout Alexandre Carrier 60 1 2 2
2 Philippe Myers Gustav Olofsson 40 1 2 2
Penalty Kill - 3 Players Forward
Forward Time % Phy DF OF
1 Adam Erne 60 1 2 2
2 Nick Shore 40 1 2 2
Penalty Kill - 3 Players Defense
Defense Defense Time % Phy DF OF
1 Brett Lernout Alexandre Carrier 60 1 2 2
2 Philippe Myers Gustav Olofsson 40 1 2 2
4 vs 4 Forward
Center Wing Time % Phy DF OF
1 Adam Erne Nick Shore 60 1 2 2
2 Phil McRae Jason Robertson 40 1 2 2
4 vs 4 Defense
Defense Defense Time % Phy DF OF
1 Philippe Myers Alexandre Carrier 60 1 2 2
2 Brett Lernout Zac Leslie 40 1 2 2
Last Minutes Offensive
Center Left Wing Right Wing Defense Defense
Nick Shore Adam Erne Patrik Laine Brett Lernout Zac Leslie
Last Minutes Defensive
Center Left Wing Right Wing Defense Defense
Nick Shore Adam Erne Patrik Laine Brett Lernout Zac Leslie
Goaltenders
Starting : Garret Sparks
Backup : Stuart Skinner
Extra Forwards
Normal : Taro Hirose, Connor Hurley, Jason Robertson - PP : Taro Hirose, Connor Hurley - PK : Ryan McLeod
Extra Defensemen
Normal : Zac Leslie, Alexander Alexeyev, Gustav Olofsson - PP : Brett Lernout - PK : Philippe Myers, Alexander Alexeyev
Penalty Shots
Adam Erne, Nick Shore, Phil McRae, Jason Robertson, Patrik Laine
Custom OT Lines Forwards
Adam Erne, Nick Shore, Phil McRae, Jason Robertson, Patrik Laine, Kailer Yamamoto, Taro Hirose, Connor Hurley, Ryan McLeod, Pontus Holmberg
Custom OT Lines Defensemen
Brett Lernout, Alexandre Carrier, Philippe Myers, Gustav Olofsson, Alexander Alexeyev
Scratches
Cole Cassels (Healthy), Colin White (Healthy), Semyon Der-Arguchintsev (Healthy), Emil Djuse (Healthy), Jeremy Gregoire (Healthy)
Jordan Subban (Strained Left Elbow Injury), Robin Salo (Healthy), Filip Kral (Healthy), Remi Elie (Healthy), Filip Johansson (Healthy)
Lucas Johansen (Healthy), Jack Perbix (Healthy), Jaxson Stauber (Healthy)
% Time on Ice - Marlies
Lines # - Real PCT - Wanted PCT - Time Play
Normal Forward
1 - 37% - 40% - 19:52
2 - 25% - 30% - 13:33
3 - 22% - 20% - 11:42
4 - 16% - 10% - 8:54
Normal Defense
1 - 39% - 40% - 21:19
2 - 31% - 30% - 16:49
3 - 21% - 20% - 11:20
4 - 8% - 10% - 4:33
PP Forward
1 - 55% - 60% - 1:16
2 - 45% - 40% - 1:03
PP Defense
1 - 59% - 60% - 1:22
2 - 41% - 40% - 0:57
PK Forward
1 - 79% - 60% - 2:54
2 - 21% - 40% - 0:46
PK Defense
1 - 64% - 60% - 2:20
2 - 36% - 40% - 1:20
PK3 Forward
1 - 0% - 60%
2 - 0% - 40%
PK3 Defense
1 - 0% - 60%
2 - 0% - 40%
44 Forward
1 - 0% - 60%
2 - 0% - 40%
44 Defense
1 - 0% - 60%
2 - 0% - 40%
Last Minute Offensive - 0:00
Last Minute Defensive - 0:00
Total
Forward - 60:00
Defense - 60:00
|
% Time on Ice - Condors
Lines # - Real PCT - Wanted PCT - Time Play
Normal Forward
1 - 36% - 40% - 19:17
2 - 26% - 30% - 14:06
3 - 23% - 20% - 12:31
4 - 15% - 10% - 8:07
Normal Defense
1 - 39% - 40% - 21:12
2 - 29% - 30% - 15:51
3 - 21% - 20% - 11:09
4 - 11% - 10% - 5:49
PP Forward
1 - 47% - 60% - 1:44
2 - 53% - 40% - 1:56
PP Defense
1 - 84% - 60% - 3:04
2 - 16% - 40% - 0:36
PK Forward
1 - 80% - 60% - 1:51
2 - 20% - 40% - 0:28
PK Defense
1 - 59% - 60% - 1:22
2 - 41% - 40% - 0:57
PK3 Forward
1 - 0% - 60%
2 - 0% - 40%
PK3 Defense
1 - 0% - 60%
2 - 0% - 40%
44 Forward
1 - 0% - 60%
2 - 0% - 40%
44 Defense
1 - 0% - 60%
2 - 0% - 40%
Last Minute Offensive - 0:00
Last Minute Defensive - 0:00
Total
Forward - 60:00
Defense - 60:00
|
Play-by-Play
1st period
0:01 of 1st period - Nick Shore wins face-off versus Aleksi Saarela in neutral zone.
0:52 of 1st period - Slapshot by Kiefer Sherwood.
0:52 of 1st period - Shot Blocked by Lucas Carlsson.
0:54 of 1st period - Snap shot by Alexandre Carrier.
0:54 of 1st period - Shot Blocked by Lucas Carlsson.
1:04 of 1st period - Pontus Holmberg is hit by Henri Ikonen.
1:14 of 1st period - Slapshot by Pontus Holmberg.
1:14 of 1st period - Stopped by Maxime Lagace without a rebound.
1:15 of 1st period - Aleksi Saarela wins face-off versus Nick Shore in Marlies zone.
2:03 of 1st period - Taro Hirose is hit by Logan Brown and loses puck.
2:22 of 1st period - Slapshot by Logan Brown.
2:22 of 1st period - Stopped by Garret Sparks with a rebound.
2:24 of 1st period - Slapshot by Brendan Guhle.
2:24 of 1st period - Deflect By Tobias Lindberg.
2:24 of 1st period - Stopped by Garret Sparks with a rebound.
2:26 of 1st period - Slapshot by Brendan Guhle.
2:26 of 1st period - Stopped by Garret Sparks without a rebound.
2:27 of 1st period - Nick Shore wins face-off versus Matthew Highmore in Condors zone.
2:36 of 1st period - Snap shot by Adam Erne.
2:36 of 1st period - Stopped by Maxime Lagace with a rebound.
2:54 of 1st period - Wrist shot by Tyler Benson.
2:54 of 1st period - Stopped by Garret Sparks with a rebound.
3:36 of 1st period - Slapshot by Pontus Holmberg.
3:36 of 1st period - Stopped by Maxime Lagace with a rebound.
3:38 of 1st period - Slapshot by Zac Leslie.
3:38 of 1st period - Goal by Zac Leslie - Marlies : 0 - Condors : 1.
3:39 of 1st period - Aleksi Saarela wins face-off versus Nick Shore in neutral zone.
5:10 of 1st period - Kole Sherwood is hit by Philippe Myers and loses puck.
5:25 of 1st period - Wrist shot by Aleksi Saarela.
5:25 of 1st period - Stopped by Garret Sparks with a rebound.
5:27 of 1st period - Slapshot by Brendan Guhle.
5:27 of 1st period - Shot Blocked by Zac Leslie.
5:29 of 1st period - Slapshot by Pierre-Olivier Joseph.
5:29 of 1st period - Shot Misses the Net.
5:31 of 1st period - Slapshot by Brendan Guhle.
5:31 of 1st period - Shot Misses the Net.
6:54 of 1st period - Jeff Corbett is hit by Kailer Yamamoto and loses puck.
7:01 of 1st period - Philippe Myers is hit by Mathieu Olivier and loses puck.
7:35 of 1st period - Wrist shot by Taro Hirose.
7:35 of 1st period - Shot Blocked by Aleksi Saarela.
8:17 of 1st period - Snap shot by Adam Erne.
8:17 of 1st period - Shot Blocked by Henri Ikonen.
8:19 of 1st period - Slapshot by Nikolai Knyzhov.
8:19 of 1st period - Stopped by Maxime Lagace with a rebound.
8:37 of 1st period - Aleksi Saarela is hit by Zac Leslie and loses puck.
9:19 of 1st period - Icing by Adam Erne.
9:20 of 1st period - Adam Erne wins face-off versus Logan Brown in Condors zone.
10:08 of 1st period - Henri Ikonen is hit by Brett Lernout.
10:17 of 1st period - Icing by Jeff Corbett.
10:18 of 1st period - Nick Shore wins face-off versus Matthew Highmore in Marlies zone.
10:25 of 1st period - Wrist shot by Patrik Laine.
10:25 of 1st period - Stopped by Maxime Lagace without a rebound.
10:26 of 1st period - Nick Shore wins face-off versus Logan Brown in Marlies zone.
10:51 of 1st period - Aleksi Saarela is hit by Zac Leslie.
11:54 of 1st period - Kole Sherwood is hit by Philippe Myers and loses puck.
12:21 of 1st period - Kiefer Sherwood is hit by Tyler Benson and loses puck.
12:32 of 1st period - Rasmus Dahlin is hit by Patrik Laine and loses puck.
12:51 of 1st period - Snap shot by Logan Brown.
12:51 of 1st period - Shot Blocked by Philippe Myers.
12:53 of 1st period - Snap shot by Joel Farabee.
12:53 of 1st period - Shot Misses the Net.
12:55 of 1st period - Slapshot by Joel Farabee.
12:55 of 1st period - Shot Misses the Net.
12:57 of 1st period - Slapshot by Jeff Corbett.
12:57 of 1st period - Shot Blocked by Phil McRae.
13:30 of 1st period - Slapshot by Taro Hirose.
13:30 of 1st period - Deflect By Kiefer Sherwood.
13:30 of 1st period - Stopped by Maxime Lagace with a rebound.
13:32 of 1st period - Slapshot by Alexandre Carrier.
13:32 of 1st period - Stopped by Maxime Lagace with a rebound.
13:34 of 1st period - Slapshot by Philippe Myers.
13:34 of 1st period - Shot Blocked by Rasmus Dahlin.
14:56 of 1st period - Snap shot by Kiefer Sherwood.
14:56 of 1st period - Condors goal is going for a video replay.
14:56 of 1st period - The goal is good.
14:56 of 1st period - Goal by Kiefer Sherwood - Marlies : 0 - Condors : 2.
14:57 of 1st period - Aleksi Saarela wins face-off versus Nick Shore in neutral zone.
15:04 of 1st period - Snap shot by Aleksi Saarela.
15:04 of 1st period - Stopped by Garret Sparks without a rebound.
15:05 of 1st period - Nick Shore wins face-off versus Aleksi Saarela in Condors zone.
16:39 of 1st period - Wrist shot by Adam Erne.
16:39 of 1st period - Deflect By Pierre-Olivier Joseph.
16:39 of 1st period - Stopped by Maxime Lagace without a rebound.
16:40 of 1st period - Phil McRae wins face-off versus Aleksi Saarela in Marlies zone.
16:45 of 1st period - Slapshot by Phil McRae.
16:45 of 1st period - Stopped by Maxime Lagace with a rebound.
16:47 of 1st period - Wrist shot by Jason Robertson.
16:47 of 1st period - Stopped by Maxime Lagace without a rebound.
16:48 of 1st period - Kailer Yamamoto wins face-off versus Aleksi Saarela in Marlies zone.
17:01 of 1st period - Wrist shot by Jason Robertson.
17:01 of 1st period - Stopped by Maxime Lagace without a rebound.
17:02 of 1st period - Nick Shore wins face-off versus Colton Sissons in Marlies zone.
17:15 of 1st period - Wrist shot by Adam Erne.
17:15 of 1st period - Deflect By Nick Shore.
17:15 of 1st period - Shot Misses the Net.
17:15 of 1st period - Puck is out of play.
17:16 of 1st period - Aleksi Saarela wins face-off versus Nick Shore in Marlies zone.
17:16 of 1st period - Aleksi Saarela is hit by Nick Shore.
17:19 of 1st period - Minor Penalty to Aleksi Saarela for Interference.
17:20 of 1st period - Colton Sissons wins face-off versus Nick Shore in Marlies zone.
18:48 of 1st period - Snap shot by Jason Robertson.
18:48 of 1st period - Goal by Jason Robertson - Marlies : 0 - Condors : 3.
18:49 of 1st period - Aleksi Saarela wins face-off versus Nick Shore in neutral zone.
18:58 of 1st period - Snap shot by Tyler Benson.
18:58 of 1st period - Shot Misses the Net.
19:00 of 1st period - Snap shot by Aleksi Saarela.
19:00 of 1st period - Shot Blocked by Adam Erne.
19:14 of 1st period - Colton Sissons is hit by Kiefer Sherwood and loses puck.
19:57 of 1st period - Off-side.
19:58 of 1st period - Nick Shore wins face-off versus Logan Brown in neutral zone.
Goals for this period are 0 for Marlies vs 3 for Condors.
Shots for this period are 6 for Marlies vs 14 for Condors.
2nd period
0:01 of 2nd period - Aleksi Saarela wins face-off versus Nick Shore in neutral zone.
0:03 of 2nd period - Off-side.
0:04 of 2nd period - Aleksi Saarela wins face-off versus Nick Shore in neutral zone.
0:07 of 2nd period - Snap shot by Martin Necas.
0:07 of 2nd period - Shot Blocked by Brett Lernout.
0:09 of 2nd period - Wrist shot by Aleksi Saarela.
0:09 of 2nd period - Shot Misses the Net.
0:11 of 2nd period - Slapshot by Pierre-Olivier Joseph.
0:11 of 2nd period - Shot Misses the Net.
0:13 of 2nd period - Wrist shot by Tyler Benson.
0:13 of 2nd period - Stopped by Garret Sparks without a rebound.
0:14 of 2nd period - Nick Shore wins face-off versus Aleksi Saarela in Condors zone.
0:14 of 2nd period - Nick Shore is hit by Tyler Benson.
0:42 of 2nd period - Snap shot by Joel Farabee.
0:42 of 2nd period - Stopped by Garret Sparks without a rebound.
0:42 of 2nd period - Minor Penalty to Garret Sparks for Delaying the game.
0:43 of 2nd period - Adam Erne wins face-off versus Tyler Benson in Condors zone.
1:39 of 2nd period - Snap shot by Alexandre Carrier.
1:39 of 2nd period - Stopped by Maxime Lagace without a rebound.
1:40 of 2nd period - Alex Formenton wins face-off versus Ryan McLeod in Marlies zone.
2:04 of 2nd period - Nick Shore is hit by Brendan Guhle and loses puck.
2:42 of 2nd period - Penalty to Patrik Laine is over, Patrik Laine is back on ice.
2:47 of 2nd period - Snap shot by Patrik Laine.
2:47 of 2nd period - Shot Misses the Net.
3:03 of 2nd period - Wrist shot by Mathieu Olivier.
3:03 of 2nd period - Stopped by Garret Sparks without a rebound.
3:04 of 2nd period - Logan Brown wins face-off versus Phil McRae in Condors zone.
3:05 of 2nd period - Slapshot by Pierre-Olivier Joseph.
3:05 of 2nd period - Shot Misses the Net.
3:13 of 2nd period - Pierre-Olivier Joseph is hit by Jason Robertson and loses puck.
3:18 of 2nd period - Snap shot by Kailer Yamamoto.
3:18 of 2nd period - Shot Misses the Net.
3:20 of 2nd period - Snap shot by Kailer Yamamoto.
3:20 of 2nd period - Shot Misses the Net.
3:37 of 2nd period - Off-side.
3:38 of 2nd period - Matthew Highmore wins face-off versus Phil McRae in neutral zone.
3:43 of 2nd period - Snap shot by Tobias Lindberg.
3:43 of 2nd period - Stopped by Garret Sparks without a rebound.
3:44 of 2nd period - Matthew Highmore wins face-off versus Phil McRae in Condors zone.
3:47 of 2nd period - Snap shot by Matthew Highmore.
3:47 of 2nd period - Stopped by Garret Sparks with a rebound.
3:49 of 2nd period - Wrist shot by Henri Ikonen.
3:49 of 2nd period - Shot Blocked by Alexandre Carrier.
3:51 of 2nd period - Wrist shot by Henri Ikonen.
3:51 of 2nd period - Stopped by Garret Sparks with a rebound.
3:53 of 2nd period - Snap shot by Matthew Highmore.
3:53 of 2nd period - Shot Blocked by Alexandre Carrier.
3:59 of 2nd period - Snap shot by Tobias Lindberg.
3:59 of 2nd period - Deflect By Matthew Highmore.
3:59 of 2nd period - Shot Misses the Net.
3:59 of 2nd period - Puck is out of play.
4:00 of 2nd period - Nick Shore wins face-off versus Aleksi Saarela in Condors zone.
4:13 of 2nd period - Snap shot by Nick Shore.
4:13 of 2nd period - Deflect By Adam Erne.
4:13 of 2nd period - Shot Misses the Net.
4:13 of 2nd period - Puck is out of play.
4:14 of 2nd period - Nick Shore wins face-off versus Aleksi Saarela in Marlies zone.
4:29 of 2nd period - Wrist shot by Patrik Laine.
4:29 of 2nd period - Shot Misses the Net.
4:39 of 2nd period - Philippe Myers is hit by Colton Sissons and loses puck.
5:20 of 2nd period - Zac Leslie is hit by Jeff Corbett and loses puck.
5:41 of 2nd period - Snap shot by Colton Sissons.
5:41 of 2nd period - Shot Misses the Net.
5:43 of 2nd period - Wrist shot by Colton Sissons.
5:43 of 2nd period - Stopped by Garret Sparks with a rebound.
5:55 of 2nd period - Snap shot by Henri Ikonen.
5:55 of 2nd period - Stopped by Garret Sparks without a rebound.
5:56 of 2nd period - Nick Shore wins face-off versus Matthew Highmore in Condors zone.
6:00 of 2nd period - Off-side.
6:01 of 2nd period - Nick Shore wins face-off versus Matthew Highmore in neutral zone.
6:14 of 2nd period - Slapshot by Adam Erne.
6:14 of 2nd period - Stopped by Maxime Lagace with a rebound.
6:16 of 2nd period - Slapshot by Adam Erne.
6:16 of 2nd period - Stopped by Maxime Lagace with a rebound.
6:28 of 2nd period - Backhand shot by Martin Necas.
6:28 of 2nd period - Stopped by Garret Sparks with a rebound.
6:55 of 2nd period - Wrist shot by Brendan Guhle.
6:55 of 2nd period - Shot Blocked by Philippe Myers.
7:11 of 2nd period - Snap shot by Nick Shore.
7:11 of 2nd period - Stopped by Maxime Lagace without a rebound.
7:12 of 2nd period - Aleksi Saarela wins face-off versus Nick Shore in Marlies zone.
7:12 of 2nd period - Aleksi Saarela is hit by Adam Erne.
7:50 of 2nd period - Snap shot by Kailer Yamamoto.
7:50 of 2nd period - Shot Blocked by Alex Formenton.
8:44 of 2nd period - Wrist shot by Henri Ikonen.
8:44 of 2nd period - Stopped by Garret Sparks with a rebound.
8:46 of 2nd period - Wrist shot by Matthew Highmore.
8:46 of 2nd period - Shot Misses the Net.
8:50 of 2nd period - Snap shot by Matthew Highmore.
8:50 of 2nd period - Stopped by Garret Sparks with a rebound.
9:00 of 2nd period - Mathieu Olivier is hit by Phil McRae.
10:18 of 2nd period - Minor Penalty to Henri Ikonen for Hooking.
10:19 of 2nd period - Nick Shore wins face-off versus Colton Sissons in Marlies zone.
10:28 of 2nd period - Snap shot by Nick Shore.
10:28 of 2nd period - Shot Misses the Net.
10:30 of 2nd period - Snap shot by Nick Shore.
10:30 of 2nd period - Goal by Nick Shore - Marlies : 0 - Condors : 4.
10:30 of 2nd period - Logan Thompson enters game.
10:31 of 2nd period - Aleksi Saarela wins face-off versus Nick Shore in neutral zone.
10:51 of 2nd period - Minor Penalty to Martin Necas for Interference.
10:52 of 2nd period - Nick Shore wins face-off versus Colton Sissons in Marlies zone.
12:51 of 2nd period - Penalty to Martin Necas is over, Martin Necas is back on ice.
13:03 of 2nd period - Wrist shot by Mathieu Olivier.
13:03 of 2nd period - Shot Misses the Net.
13:34 of 2nd period - Wrist shot by Martin Necas.
13:34 of 2nd period - Shot Blocked by Alexandre Carrier.
13:36 of 2nd period - Snap shot by Mathieu Olivier.
13:36 of 2nd period - Goal by Mathieu Olivier - Marlies : 1 - Condors : 4.
13:37 of 2nd period - Phil McRae wins face-off versus Logan Brown in neutral zone.
13:50 of 2nd period - Snap shot by Joel Farabee.
13:50 of 2nd period - Stopped by Garret Sparks without a rebound.
13:51 of 2nd period - Nick Shore wins face-off versus Aleksi Saarela in Condors zone.
14:03 of 2nd period - Icing by Tyler Benson.
14:04 of 2nd period - Aleksi Saarela wins face-off versus Nick Shore in Marlies zone.
14:33 of 2nd period - Snap shot by Colton Sissons.
14:33 of 2nd period - Goal by Colton Sissons - Marlies : 2 - Condors : 4.
14:34 of 2nd period - Aleksi Saarela wins face-off versus Nick Shore in neutral zone.
14:59 of 2nd period - Pierre-Olivier Joseph is hit by Taro Hirose and loses puck.
15:10 of 2nd period - Wrist shot by Taro Hirose.
15:10 of 2nd period - Shot Misses the Net.
15:12 of 2nd period - Slapshot by Philippe Myers.
15:12 of 2nd period - Deflect By Kiefer Sherwood.
15:12 of 2nd period - Shot Misses the Net.
15:12 of 2nd period - Puck is out of play.
15:13 of 2nd period - Colton Sissons wins face-off versus Nick Shore in Marlies zone.
15:42 of 2nd period - Snap shot by Alexandre Carrier.
15:42 of 2nd period - Stopped by Logan Thompson with a rebound.
15:44 of 2nd period - Slapshot by Alexandre Carrier.
15:44 of 2nd period - Stopped by Logan Thompson with a rebound.
16:07 of 2nd period - Jeff Corbett is hit by Connor Hurley and loses puck.
18:04 of 2nd period - Snap shot by Patrik Laine.
18:04 of 2nd period - Shot Misses the Net.
18:06 of 2nd period - Snap shot by Phil McRae.
18:06 of 2nd period - Deflect By Jason Robertson.
18:06 of 2nd period - Stopped by Logan Thompson with a rebound.
18:12 of 2nd period - Snap shot by Kailer Yamamoto.
18:12 of 2nd period - Shot Misses the Net.
18:14 of 2nd period - Wrist shot by Jason Robertson.
18:14 of 2nd period - Shot Misses the Net.
18:16 of 2nd period - Slapshot by Phil McRae.
18:16 of 2nd period - Goal by Phil McRae - Marlies : 2 - Condors : 5.
18:17 of 2nd period - Nick Shore wins face-off versus Aleksi Saarela in neutral zone.
18:42 of 2nd period - Philippe Myers is hit by Alex Formenton and loses puck.
19:01 of 2nd period - Snap shot by Logan Brown.
19:01 of 2nd period - Shot Blocked by Alexander Alexeyev.
19:03 of 2nd period - Wrist shot by Kole Sherwood.
19:03 of 2nd period - Shot Blocked by Kiefer Sherwood.
19:05 of 2nd period - Slapshot by Keaton Thompson.
19:05 of 2nd period - Shot Misses the Net.
19:21 of 2nd period - Tobias Lindberg is hit by Pontus Holmberg and loses puck.
19:28 of 2nd period - Slapshot by Brendan Guhle.
19:28 of 2nd period - Shot Blocked by Zac Leslie.
Goals for this period are 2 for Marlies vs 2 for Condors.
Shots for this period are 14 for Marlies vs 9 for Condors.
3rd period
0:01 of 3rd period - Aleksi Saarela wins face-off versus Adam Erne in neutral zone.
1:10 of 3rd period - Slapshot by Aleksi Saarela.
1:10 of 3rd period - Stopped by Garret Sparks without a rebound.
1:11 of 3rd period - Aleksi Saarela wins face-off versus Nick Shore in Condors zone.
1:14 of 3rd period - Wrist shot by Tyler Benson.
1:14 of 3rd period - Stopped by Garret Sparks without a rebound.
1:15 of 3rd period - Nick Shore wins face-off versus Aleksi Saarela in Condors zone.
1:24 of 3rd period - Wrist shot by Adam Erne.
1:24 of 3rd period - Stopped by Logan Thompson with a rebound.
1:44 of 3rd period - Slapshot by Nikolai Knyzhov.
1:44 of 3rd period - Stopped by Logan Thompson with a rebound.
2:10 of 3rd period - Snap shot by Philippe Myers.
2:10 of 3rd period - Deflect By Cole Fonstad.
2:10 of 3rd period - Stopped by Logan Thompson without a rebound.
2:11 of 3rd period - Patrik Laine wins face-off versus Aleksi Saarela in Marlies zone.
2:12 of 3rd period - Snap shot by Adam Erne.
2:12 of 3rd period - Stopped by Logan Thompson without a rebound.
2:13 of 3rd period - Nick Shore wins face-off versus Aleksi Saarela in Marlies zone.
2:24 of 3rd period - Slapshot by Adam Erne.
2:24 of 3rd period - Goal by Adam Erne - Marlies : 2 - Condors : 6.
2:25 of 3rd period - Nick Shore wins face-off versus Aleksi Saarela in neutral zone.
2:28 of 3rd period - Snap shot by Patrik Laine.
2:28 of 3rd period - Shot Misses the Net.
2:52 of 3rd period - Brendan Guhle is hit by Zac Leslie and loses puck.
3:41 of 3rd period - Wrist shot by Ryan McLeod.
3:41 of 3rd period - Shot Misses the Net.
3:43 of 3rd period - Slapshot by Nikolai Knyzhov.
3:43 of 3rd period - Stopped by Logan Thompson with a rebound.
3:45 of 3rd period - Snap shot by Ryan McLeod.
3:45 of 3rd period - Stopped by Logan Thompson with a rebound.
4:23 of 3rd period - Phil McRae is hit by Colton Sissons.
4:55 of 3rd period - Brendan Guhle is hit by Taro Hirose and loses puck.
5:10 of 3rd period - Lucas Carlsson is hit by Adam Erne and loses puck.
5:41 of 3rd period - Backhand shot by Aleksi Saarela.
5:41 of 3rd period - Stopped by Garret Sparks without a rebound.
5:42 of 3rd period - Tyler Benson wins face-off versus Phil McRae in Condors zone.
5:50 of 3rd period - Icing by Jason Robertson.
5:51 of 3rd period - Phil McRae wins face-off versus Aleksi Saarela in Condors zone.
6:10 of 3rd period - Slapshot by Alexandre Carrier.
6:10 of 3rd period - Shot Misses the Net.
6:12 of 3rd period - Snap shot by Jason Robertson.
6:12 of 3rd period - Stopped by Logan Thompson without a rebound.
6:13 of 3rd period - Colton Sissons wins face-off versus Adam Erne in Marlies zone.
6:34 of 3rd period - Minor Penalty to Adam Erne for Tripping.
6:35 of 3rd period - Colton Sissons wins face-off versus Ryan McLeod in Condors zone.
6:50 of 3rd period - Slapshot by Colton Sissons.
6:50 of 3rd period - Goal by Colton Sissons - Marlies : 3 - Condors : 6.
6:51 of 3rd period - Nick Shore wins face-off versus Aleksi Saarela in neutral zone.
7:36 of 3rd period - Off-side.
7:37 of 3rd period - Ryan McLeod wins face-off versus Logan Brown in neutral zone.
7:42 of 3rd period - Joel Farabee is hit by Pontus Holmberg.
8:08 of 3rd period - Off-side.
8:09 of 3rd period - Nick Shore wins face-off versus Aleksi Saarela in neutral zone.
8:36 of 3rd period - Mathieu Olivier is hit by Jason Robertson and loses puck.
8:59 of 3rd period - Backhand shot by Tobias Lindberg.
8:59 of 3rd period - Shot Misses the Net.
9:01 of 3rd period - Wrist shot by Henri Ikonen.
9:01 of 3rd period - Stopped by Garret Sparks without a rebound.
9:02 of 3rd period - Nick Shore wins face-off versus Aleksi Saarela in Condors zone.
9:07 of 3rd period - Wrist shot by Adam Erne.
9:07 of 3rd period - Shot Misses the Net.
9:27 of 3rd period - Philippe Myers is hit by Jeff Corbett and loses puck.
10:48 of 3rd period - Slapshot by Logan Brown.
10:48 of 3rd period - Shot Blocked by Connor Hurley.
11:09 of 3rd period - Off-side.
11:10 of 3rd period - Phil McRae wins face-off versus Matthew Highmore in neutral zone.
11:20 of 3rd period - Matthew Highmore is hit by Phil McRae and loses puck.
11:25 of 3rd period - Wrist shot by Jason Robertson.
11:25 of 3rd period - Shot Misses the Net.
11:27 of 3rd period - Wrist shot by Philippe Myers.
11:27 of 3rd period - Stopped by Logan Thompson with a rebound.
11:29 of 3rd period - Slapshot by Philippe Myers.
11:29 of 3rd period - Shot Blocked by Brendan Guhle.
11:31 of 3rd period - Slapshot by Philippe Myers.
11:31 of 3rd period - Stopped by Logan Thompson without a rebound.
11:32 of 3rd period - Nick Shore wins face-off versus Aleksi Saarela in Marlies zone.
11:39 of 3rd period - Slapshot by Nick Shore.
11:39 of 3rd period - Stopped by Logan Thompson without a rebound.
11:40 of 3rd period - Nick Shore wins face-off versus Aleksi Saarela in Marlies zone.
11:45 of 3rd period - Snap shot by Patrik Laine.
11:45 of 3rd period - Stopped by Logan Thompson with a rebound.
12:27 of 3rd period - Wrist shot by Kiefer Sherwood.
12:27 of 3rd period - Stopped by Logan Thompson with a rebound.
12:29 of 3rd period - Snap shot by Kiefer Sherwood.
12:29 of 3rd period - Deflect By Joel Farabee.
12:29 of 3rd period - Stopped by Logan Thompson without a rebound.
12:30 of 3rd period - Connor Hurley wins face-off versus Logan Brown in Marlies zone.
12:31 of 3rd period - Snap shot by Taro Hirose.
12:31 of 3rd period - Stopped by Logan Thompson without a rebound.
12:32 of 3rd period - Connor Hurley wins face-off versus Aleksi Saarela in Marlies zone.
12:39 of 3rd period - Wrist shot by Brendan Guhle.
12:39 of 3rd period - Shot Misses the Net.
13:06 of 3rd period - Snap shot by Taro Hirose.
13:06 of 3rd period - Stopped by Logan Thompson without a rebound.
13:07 of 3rd period - Aleksi Saarela wins face-off versus Nick Shore in Marlies zone.
13:41 of 3rd period - Lucas Carlsson is hit by Kailer Yamamoto and loses puck.
14:20 of 3rd period - Wrist shot by Nick Shore.
14:20 of 3rd period - Shot Misses the Net.
14:22 of 3rd period - Snap shot by Adam Erne.
14:22 of 3rd period - Shot Misses the Net.
14:24 of 3rd period - Slapshot by Patrik Laine.
14:24 of 3rd period - Stopped by Logan Thompson without a rebound.
14:25 of 3rd period - Tyler Benson wins face-off versus Nick Shore in Marlies zone.
15:04 of 3rd period - Minor Penalty to Jason Robertson for Hooking.
15:05 of 3rd period - Colton Sissons wins face-off versus Adam Erne in Condors zone.
15:08 of 3rd period - Slapshot by Martin Necas.
15:08 of 3rd period - Goal by Martin Necas - Marlies : 4 - Condors : 6.
15:09 of 3rd period - Logan Brown wins face-off versus Nick Shore in neutral zone.
15:18 of 3rd period - Snap shot by Joel Farabee.
15:18 of 3rd period - Deflect By Logan Brown.
15:18 of 3rd period - Deflect By Adam Erne.
15:18 of 3rd period - Shot Hit the Post.
15:18 of 3rd period - Puck is out of play.
15:19 of 3rd period - Nick Shore wins face-off versus Kole Sherwood in Condors zone.
15:34 of 3rd period - Philippe Myers is hit by Kole Sherwood.
16:18 of 3rd period - Adam Erne is hit by Brendan Guhle and loses puck.
16:47 of 3rd period - Snap shot by Joel Farabee.
16:47 of 3rd period - Shot Misses the Net.
16:51 of 3rd period - Snap shot by Kole Sherwood.
16:51 of 3rd period - Stopped by Garret Sparks with a rebound.
16:53 of 3rd period - Snap shot by Logan Brown.
16:53 of 3rd period - Shot Misses the Net.
16:55 of 3rd period - Snap shot by Kole Sherwood.
16:55 of 3rd period - Shot Misses the Net.
16:57 of 3rd period - Slapshot by Brendan Guhle.
16:57 of 3rd period - Deflect By Kole Sherwood.
16:57 of 3rd period - Stopped by Garret Sparks without a rebound.
16:58 of 3rd period - Taro Hirose wins face-off versus Martin Necas in Condors zone.
16:58 of 3rd period - Taro Hirose is hit by Keaton Thompson.
17:12 of 3rd period - Snap shot by Rasmus Dahlin.
17:12 of 3rd period - Stopped by Garret Sparks with a rebound.
17:14 of 3rd period - Slapshot by Rasmus Dahlin.
17:14 of 3rd period - Shot Blocked by Brett Lernout.
17:58 of 3rd period - Slapshot by Rasmus Dahlin.
17:58 of 3rd period - Shot Misses the Net.
18:01 of 3rd period - Icing by Ryan McLeod.
18:02 of 3rd period - Ryan McLeod wins face-off versus Aleksi Saarela in Condors zone.
18:02 of 3rd period - Ryan McLeod is hit by Aleksi Saarela.
18:12 of 3rd period - Slapshot by Aleksi Saarela.
18:12 of 3rd period - Stopped by Garret Sparks without a rebound.
18:13 of 3rd period - Aleksi Saarela wins face-off versus Connor Hurley in Condors zone.
18:20 of 3rd period - Snap shot by Martin Necas.
18:20 of 3rd period - Deflect By Tyler Benson.
18:20 of 3rd period - Stopped by Garret Sparks with a rebound.
18:22 of 3rd period - Slapshot by Lucas Carlsson.
18:22 of 3rd period - Deflect By Aleksi Saarela.
18:22 of 3rd period - Shot Misses the Net.
18:22 of 3rd period - Puck is out of play.
18:23 of 3rd period - Connor Hurley wins face-off versus Aleksi Saarela in Condors zone.
18:28 of 3rd period - Snap shot by Aleksi Saarela.
18:28 of 3rd period - Stopped by Garret Sparks with a rebound.
18:36 of 3rd period - Wrist shot by Aleksi Saarela.
18:36 of 3rd period - Stopped by Garret Sparks with a rebound.
19:15 of 3rd period - Slapshot by Alexander Alexeyev.
19:15 of 3rd period - Stopped by Logan Thompson with a rebound.
19:17 of 3rd period - Wrist shot by Kiefer Sherwood.
19:17 of 3rd period - Shot Misses the Net.
19:42 of 3rd period - Slapshot by Zac Leslie.
19:42 of 3rd period - Shot Misses the Net.
19:44 of 3rd period - Snap shot by Connor Hurley.
19:44 of 3rd period - Shot Blocked by Pierre-Olivier Joseph.
19:46 of 3rd period - Slapshot by Zac Leslie.
19:46 of 3rd period - Shot Misses the Net.
19:48 of 3rd period - Wrist shot by Kiefer Sherwood.
19:48 of 3rd period - Stopped by Logan Thompson with a rebound.
19:50 of 3rd period - Snap shot by Kiefer Sherwood.
19:50 of 3rd period - Shot Misses the Net.
19:59 of 3rd period - Minor Penalty to Aleksi Saarela for Hooking.
Goals for this period are 2 for Marlies vs 1 for Condors.
Shots for this period are 13 for Marlies vs 19 for Condors.
Goals for this period are 2 for Marlies vs 1 for Condors.
Shots for this period are 13 for Marlies vs 19 for Condors.